 Dungeon Crawl Stone Soup version 0.27.0-1-g7a089689b8 (webtiles) character file.

Game seed: 604937449246241537

10343 Spaninq the Grappler (level 11, -3/99 HPs)
             Began as a Troll Fire Elementalist on Aug 2, 2021.
             Was a Priest of Hepliaklqana.
             Slain by a five-headed hydra (8 damage)
             ... on level 9 of the Dungeon.
             The game lasted 00:32:09 (8884 turns).

Spaninq the Grappler (Troll Fire Elementalist)      Turns: 8884, Time: 00:32:09

Health: -3/99      AC:  6    Str: 21    XL:     11   Next: 34%
Magic:  11/11      EV: 15    Int: 14    God:    Hepliaklqana [***...]
Gold:   248        SH:  0    Dex: 16    Spells: 11/12 levels left

rFire    . . .     SeeInvis .   j - +7 whip (elec)
rCold    . . .     Faith    .   (no shield)
rNeg     . . .     Spirit   .   a - +0 robe
rPois    .         Reflect  .   v - +1 hat
rElec    .         Harm     .   w - +0 cloak
rCorr    .         Rampage  .   (gloves unavailable)
Will     .....                  (boots unavailable)
Stlth    ++........             (no amulet)
HPRegen  1.26/turn              q - ring "Kahaonlot" {Int+3 Dex+6}
MPRegen  0.12/turn              x - +4 ring of evasion

@: no status effects
A: reduced essence, large, unfitting armour, claws 3, regeneration 1, shaggy fur
1, tough skin 1
a: Renounce Religion, Recall Ancestor, Ancestor Identity, Transference


You were on level 9 of the Dungeon.
You worshipped Hepliaklqana.
Hepliaklqana was most pleased with you.
You visited 2 branches of the dungeon, and saw 10 of its levels.
You also visited: Ossuary and Bailey.

You collected 539 gold pieces.
You spent 291 gold pieces at shops.

Inventory:

Hand Weapons
 c - the +6 trident of Noon {vorpal, rElec}
   (You found it in a bailey)

   It inflicts extra damage upon your enemies.
   rElec:     It insulates you from electricity.
 j - a +7 whip of electrocution (weapon)
Armour
 a - a +0 robe (worn)
 v - a +1 hat (worn)
 w - a +0 cloak (worn)
 B - a +0 kite shield
Jewellery
 q - the ring "Kahaonlot" (left claw) {Int+3 Dex+6}
   (You found it in an ossuary)

   [ring of dexterity]

   Int:       It affects your intelligence (+3).
   Dex:       It affects your dexterity (+6).
 s - a ring of fire
 x - a +4 ring of evasion (right claw)
 y - a ring of magical power
Wands
 d - a wand of charming (10)
 i - a wand of polymorph (13)
 k - a wand of paralysis (5)
 o - a wand of flame (14)
Scrolls
 e - 3 scrolls of teleportation
 g - 2 scrolls of blinking
 l - a scroll of fog
Potions
 b - 2 potions of might
 f - 2 potions of haste
 h - 7 potions of curing
 m - a potion of ambrosia
 n - a potion of heal wounds
 p - 3 potions of magic
 r - a potion of invisibility
 t - a potion of lignification {unknown}
 A - a potion of mutation {unknown}
Miscellaneous
 u - a phial of floods


   Skills:
 + Level 7.8 Fighting
 * Level 5.7 Maces & Flails
 - Level 2.9 Armour
 - Level 3.4 Dodging
 - Level 1.0 Stealth
 * Level 2.0 Shields
 + Level 12.2 Unarmed Combat
 - Level 1.2 Spellcasting
 - Level 0.6 Conjurations
 - Level 2.1 Fire Magic


You had 11 spell levels left.
You knew the following spells:

 Your Spells              Type           Power      Damage    Failure   Level
a - Foxfire               Conj/Fire      16%        2x1d4     14%         1

Your spell library contained the following spells:

 Spells                   Type           Power      Damage    Failure   Level
 Magic Dart               Conj           8%         1d3       21%         1
 Beastly Appendage        Tmut           0%         N/A       26%         1
 Searing Ray              Conj           4%         3d3       30%         2
 Corpse Rot               Necr/Air       N/A        N/A       36%         2
 Wereblood                Tmut           0%         N/A       36%         2
 Conjure Flame            Conj/Fire      4%         6-21      41%         3
 Inner Flame              Hex/Fire       3%         N/A       45%         3
 Spider Form              Tmut/Pois      0%         N/A       61%         3
 Sticky Flame             Conj/Fire      4%         2d3       82%         4
 Fulminant Prism          Conj/Hex       0%         3d6       92%         4
 Dispel Undead            Necr           0%         3d6       95%         4
 Fireball                 Conj/Fire      2%         3d4       99%         5
 Death Channel            Necr           0%         N/A       100%        6


Dungeon Overview and Level Annotations

Branches:
Dungeon (9/15)             Temple (1/1) D:6         Ossuary (visited)
 Bailey (visited)
   Lair: D:8-11         Orc: D:9-12

Altars:
Ashenzari
Cheibriados
Dithmenos
Fedhas
Gozag
Hepliaklqana
Makhleb
Nemelex Xobeh
Okawaru
Qazlal
Ru
Trog
Uskayaw
Wu Jian
Xom
Yredelemnul
Zin
The Shining One
Lugonu

Shops:
D:6 ?


Innate Abilities, Weirdness & Mutations

Your life essence is reduced to manifest your ancestor. (-10% HP)
You are too large for most types of armour.
You have claws for hands.
Your natural rate of healing is unusually fast.
You are covered in fur. (AC +1)
You have tough skin. (AC +1)


Message History

Shrek blocks the orc warrior's attack.
You hit the five-headed hydra.
The five-headed hydra is severely wounded.
Shrek hits the orc warrior with a +0 flail!
The five-headed hydra bites you! The five-headed hydra bites you.
* * * LOW HITPOINT WARNING * * *
The five-headed hydra bites you!
* * * LOW HITPOINT WARNING * * *
The five-headed hydra bites you.
* * * LOW HITPOINT WARNING * * *
The five-headed hydra closely misses you.
You feel much better.
The orc warrior hits Shrek but does no damage.
Shrek hits the orc warrior with a +0 flail.
The five-headed hydra bites you!
* * * LOW HITPOINT WARNING * * *
The five-headed hydra bites you but does no damage.
The five-headed hydra bites you!
* * * LOW HITPOINT WARNING * * *
The five-headed hydra closely misses you.
The five-headed hydra bites you.
* * * LOW HITPOINT WARNING * * *
Shrek blocks the orc warrior's attack.
Shrek hits the orc warrior with a +0 flail.
The orc warrior dies!
Your Shields skill increases to level 2!
Shrek barely misses the orc warrior.
You hit the five-headed hydra.
The five-headed hydra is heavily wounded.
The five-headed hydra bites you.
* * * LOW HITPOINT WARNING * * *
The five-headed hydra barely misses you.
The five-headed hydra bites you but does no damage.
The five-headed hydra misses you.
The five-headed hydra bites you but does no damage.
You open the large door. The five-headed hydra bites you!
* * * LOW HITPOINT WARNING * * *
The five-headed hydra bites you but does no damage.
The five-headed hydra bites you!
You die...

# .?#++#) (#....#
#+#####
###?.....##.....#
##.'......R......##
#.@'......'......##
#D##......##R....##
#o#$#....# #.....#.
#R#.!#++#. #.R...'.
#.## ###.<...##
#.########.......#
#...o.R..).......#
##########.......#
#########


You could see the friendly Shrek the knight, a five-headed hydra (ally target)
and an orc warrior.

Vanquished Creatures
  3 orc knights (Bailey)
  Pikel (D:5)
  Joseph (D:7)
  Prince Ribbit (D:5)
  A hornet (D:8)
  Sigmund (D:5)
  8 yaks (D:9)
  A steam dragon (D:9)
  4 water moccasins
  3 orc warriors
  2 ice beasts (D:6)
  A hornet zombie (Ossuary)
  2 black bears (D:5)
  6 ogres
  2 centaurs (D:8)
  A phantom (D:6)
  An elf zombie (D:4)
  4 kobold brigands
  An elf skeleton (D:4)
  2 wyvern zombies
  2 bullfrogs
  2 scorpions (D:6)
  3 water moccasin zombies
  A wyvern skeleton (D:6)
  2 wights (D:8)
  4 centaur zombies
  4 bullfrog zombies
  3 jellies
  A centaur skeleton (D:7)
  2 orc priests
  3 bullfrog skeletons
  3 iguanas
  A human skeleton (D:4)
  An orc wizard (D:9)
  Ijyb (D:3)
  A killer bee zombie (Ossuary)
  14 mummies (Ossuary)
  A howler monkey zombie (Ossuary)
  14 gnolls
  7 adders
  4 shadow imps
  A white imp (D:6)
  3 worms
  4 dart slugs
  19 orcs
  5 bats
  7 endoplasms
  3 giant cockroaches
  16 goblins
  11 hobgoblins
  10 jackals
  4 quokkas
  6 ball pythons
  5 frilled lizards
  56 kobolds
  2 orc skeletons (D:4)
  An orc zombie (D:4)
  6 rats
279 creatures vanquished.

Vanquished Creatures (collateral kills)
  Gastronok (D:8)
  Maurice (D:8)
  2 orc warriors
  A centaur (D:9)
  A wight (D:8)
  A centaur zombie (D:8)
  A gnoll (D:5)
  3 orcs
  2 goblins
  11 kobolds (Bailey)
24 creatures vanquished.

Vanquished Creatures (others)
  A knight (Bailey)
  81 foxfires
  11 withered plants (Ossuary)
93 creatures vanquished.

Grand Total: 396 creatures vanquished

Notes
Turn   | Place    | Note
-------+----------+-------------------------------------------
     0 | D:1      | Spaninq the Troll Fire Elementalist began the quest for the
                  | Orb.
     0 | D:1      | Reached XP level 1. HP: 16/16 MP: 1/1
    91 | D:1      | Reached skill level 1 in Unarmed Combat
   152 | D:1      | Reached XP level 2. HP: 26/26 MP: 0/2
   328 | D:1      | Reached skill level 2 in Unarmed Combat
   355 | D:1      | Reached skill level 1 in Fighting
   437 | D:1      | Reached XP level 3. HP: 33/33 MP: 3/3
   939 | D:2      | Found a faded altar of an unknown god.
   978 | D:2      | Reached skill level 3 in Unarmed Combat
   978 | D:2      | Reached XP level 4. HP: 30/41 MP: 2/4
  1458 | D:3      | Found a burning altar of Makhleb.
  1458 | D:3      | Found a sparkling altar of Nemelex Xobeh.
  1460 | D:3      | Found a shadowy altar of Dithmenos.
  1612 | D:3      | Noticed Ijyb
  1613 | D:3      | Found a basalt altar of Yredelemnul.
  1622 | D:3      | Killed Ijyb
  1623 | D:3      | Reached XP level 5. HP: 43/49 MP: 5/5
  1906 | D:3      | Reached skill level 4 in Unarmed Combat
  1977 | D:3      | Reached skill level 5 in Unarmed Combat
  1977 | D:3      | Reached XP level 6. HP: 26/59 MP: 6/6
  2613 | D:3      | Reached XP level 7. HP: 67/67 MP: 7/7
  2776 | D:3      | Reached skill level 6 in Unarmed Combat
  2846 | D:4      | Found a bloodstained altar of Trog.
  3029 | D:4      | Found a sand-covered staircase.
  3041 | Ossuary  | Entered an ossuary
  3088 | Ossuary  | Reached skill level 7 in Unarmed Combat
  3108 | Ossuary  | Reached XP level 8. HP: 44/78 MP: 8/8
  3236 | Ossuary  | Reached skill level 8 in Unarmed Combat
  3409 | Ossuary  | Identified the ring "Kahaonlot" {Int+3 Dex+6}
  3980 | D:4      | Found a faded altar of an unknown god.
  3999 | D:4      | Reached skill level 5 in Fighting
  4004 | D:4      | Found a hazy altar of Hepliaklqana.
  4009 | D:4      | Became a worshipper of Hepliaklqana the Forgotten
  4360 | D:5      | Entered Level 5 of the Dungeon
  4368 | D:4      | Reached skill level 9 in Unarmed Combat
  4469 | D:5      | Found a glowing golden altar of the Shining One.
  4508 | D:5      | Noticed Prince Ribbit
  4517 | D:5      | Killed Prince Ribbit
  4518 | D:5      | Reached XP level 9. HP: 46/88 MP: 9/9
  4711 | D:5      | Noticed Sigmund
  4764 | D:5      | Killed Sigmund
  4817 | D:5      | Reached skill level 10 in Unarmed Combat
  4912 | D:5      | Noticed Pikel
  4925 | D:5      | Killed Pikel
  5476 | D:6      | Reached skill level 11 in Unarmed Combat
  5496 | D:6      | Reached * piety under Hepliaklqana
  5564 | D:6      | Found Vexzok's Magic Scroll Shop.
  5949 | D:6      | Noticed a two-headed ogre
  6038 | D:6      | Bought a scroll of enchant weapon for 97 gold pieces
  6038 | D:6      | Bought a scroll of enchant weapon for 97 gold pieces
  6038 | D:6      | Bought a scroll of enchant weapon for 97 gold pieces
  6128 | D:6      | Found a broken altar of Ashenzari.
  6210 | D:6      | Reached XP level 10. HP: 89/90 MP: 10/10
  6323 | D:6      | Found a staircase to the Ecumenical Temple.
  6332 | Temple   | Entered the Ecumenical Temple
  6448 | D:7      | Noticed Joseph
  6455 | D:7      | Killed Joseph
  6456 | D:7      | Reached skill level 1 in Maces & Flails
  6635 | D:7      | Found a flagged portal.
  6635 | D:7      | Reached ** piety under Hepliaklqana
  6636 | D:7      | Remembered your ancestor Shrek as a knight
  6667 | Bailey   | Entered a bailey
  6850 | Bailey   | Noticed an orc knight
  6850 | Bailey   | Noticed an orc knight
  6850 | Bailey   | Noticed an orc knight
  6876 | Bailey   | Killed an orc knight
  6884 | Bailey   | Killed an orc knight
  6885 | Bailey   | Reached skill level 1 in Armour
  6896 | Bailey   | Killed an orc knight
  6949 | Bailey   | Identified the +6 trident of Noon {vorpal, rElec}
  6960 | Bailey   | Identified the +0 scale mail "Juetaraq" {rN+ Str+2 Int+4}
  7612 | D:8      | Noticed Maurice
  7653 | D:8      | Killed Maurice
  7684 | D:8      | Identified the +1 leather armour "Izxar" {Str+4 Int-3
                  | Dex+4}
  7716 | D:8      | Reached skill level 12 in Unarmed Combat
  7841 | D:8      | Noticed Gastronok
  7857 | D:8      | Killed Gastronok
  7858 | D:8      | Reached skill level 5 in Maces & Flails
  7858 | D:8      | Reached XP level 11. HP: 47/99 MP: 11/11
  8043 | D:8      | Found an opulent altar of Gozag.
  8043 | D:8      | Found a glowing silver altar of Zin.
  8269 | D:9      | Reached skill level 1 in Shields
  8518 | D:9      | Found an ornate altar of the Wu Jian Council.
  8552 | D:9      | Reached *** piety under Hepliaklqana
  8729 | D:9      | Found an iron altar of Okawaru.
  8847 | D:9      | Noticed a five-headed hydra
  8884 | D:9      | Slain by a five-headed hydra

Illustrated notes

Levels and vault maps discovered:
D:1:      sevenhm_arrival_forest_fort_large_2, layout_loops_cross,
          chequers_mini_garden
D:2:      layout_basic, dreamdust_ecumenical_altar_grove, chequers_garden
D:3:      minmay_goblin_kobold_castle, layout_basic, amcnicky_altar_gilded,
          nicolae_overflow_hidden_temple, uniq_ijyb
D:4:      layout_loops_corners, beargit_hepliaklqana_dungeon_heroes,
          mainiacjoe_overflow_tiny_flanked, nicolae_ossuary_entry_catacombs
D:5:      minmay_chambers_of_threes, layout_loops_ring,
          mainiacjoe_overflow_small_starburst, uniq_pikel, uniq_sigmund,
          uniq_prince_ribbit1
D:6:      layout_loops_cross, lemuel_tele_altar, temple_hall, serial_shops, shop
D:7:      layout_basic, enter_bailey_3, uniq_joseph
D:8:      layout_rooms, grunt_temple_overflow_gold_and_silver, uniq_gastronok,
          uniq_maurice
D:9:      layout_roguey, lemuel_coloured_pillars_altar, marbit_many_paths,
          minmay_misc_feat_secret_circle, minmay_tree_intersection,
          hangedman_decor_lopped, lightli_fourway_metalbox
Temple:   corrupted_temple

Skill      XL: |  1  2  3  4  5  6  7  8  9 10 11 |
---------------+----------------------------------+-----
Unarmed Combat | 1 2 3 5 7 9 11 12 | 12.2
Fighting       | 1 2 3 4 5 6 7 |  7.8
Maces & Flails | 5 |  5.7
Dodging        | 3 |  3.4
Armour         | 2 |  2.9
Shields        | 2 |  2.0
Stealth        | |  1.0
Spellcasting   | |  1.2
Conjurations   | |  0.6
Fire Magic     | |  2.1

Action                   |  1- 3 |  4- 6 |  7- 9 | 10-12 || total
-------------------------+-------+-------+-------+-------++-------
Melee: Unarmed           |    62 |     6 |   291 |   167 ||   526
       Punch             |     1 |       |    12 |    11 ||    24
       Spear             |    13 |   211 |    46 |       ||   270
       Whip              |       |       |       |     8 ||     8
 Cast: Foxfire           |    10 |       |    10 |    25 ||    45
Invok: Ancestor Identity |       |       |     2 |       ||     2
       Ancestor Life: Kn |       |       |       |     1 ||     1
Evoke: Wand              |       |       |       |     3 ||     3
  Use: Scroll            |       |       |    17 |     5 ||    22
       Potion            |       |       |     2 |     1 ||     3
 Stab: Sleeping          |     3 |     1 |     6 |     1 ||    11
       Distracted        |       |       |     1 |     2 ||     3
       Paralysed         |       |       |       |    10 ||    10
Armor: Robe              |    29 |    81 |    46 |    33 ||   189
Dodge: Dodged            |    22 |    85 |    99 |   108 ||   314
